 Dungeon Sprint DCSS version 0.28-a0-384-g9e0c098162 (webtiles) character file.

Game seed: 12587246151990875001

138 thedisplayname the Slasher (level 5, -1/51 HPs)
             Began as a Minotaur Fighter on Sept 2, 2021.
             Slain by a killer bee (11 damage)
             ... in the Dungeon (Sprint IV: "Fedhas' Mad Dash").
             The game lasted 00:01:59 (574 turns).

thedisplayname the Slasher (Minotaur Fighter)        Turns: 574, Time: 00:02:00

Health: -1/51      AC:  7    Str: 21    XL:     5   Next: 1%
Magic:  2/4        EV:  9    Int:  5    God:
Gold:   71         SH:  5    Dex: 10    Spells: 4/4 levels left

rFire   . . .      SeeInvis .   a - +0 long sword
rCold   . . .      Faith    .   c - +0 buckler
rNeg    . . .      Spirit   .   b - +0 scale mail
rPois   .          Reflect  .   (helmet restricted)
rElec   .          Harm     .   (no cloak)
rCorr   .          Rampage  .   (no gloves)
Will    .....      NoTele   +   (no boots)
Stlth   ..........              e - amulet of invisibility {+Inv}
HPRegen 0.17/turn               (no ring)
MPRegen 0.09/turn               (no ring)

@: lethally poisoned (-1 -> -7), very slightly contaminated
A: horns 2, retaliatory headbutt
a: Evoke Invisibility


You were in the Dungeon.
You visited 1 branch You collected 71 gold pieces.

Inventory:

Hand Weapons
 a - a +0 long sword (weapon)
Armour
 b - a +0 scale mail (worn)
 c - a +0 buckler (worn)
Jewellery
 e - the amulet of invisibility (around neck) {+Inv}
   (You found it in the Dungeon)

   [amulet of nothing]

   +Inv:      It lets you turn invisible.
Scrolls
 d - a scroll of enchant armour {unknown}
 j - a scroll of blinking
Potions
 g - a potion of haste
 h - 2 potions of magic


   Skills:
 + Level 6.4 Fighting
 * Level 7.9 Long Blades
 + Level 6.4 Armour
 + Level 6.4 Shields


You had 4 spell levels left.
You didn't know any spells.
Your spell library was empty.

Dungeon Overview and Level Annotations

Branches:
Dungeon (1/1)

Altars:

Annotations:
D exclusion: oklob sapling


Innate Abilities, Weirdness & Mutations

You have a pair of horns on your head.
You reflexively headbutt those who attack you in melee.


Message History

You furiously retaliate!
You headbutt the killer bee! You miss the killer bee.
The killer bee is heavily wounded.
You feel sick. The killer bee barely misses you.
The killer bee closely misses you. The killer bee stings you.
The killer bee barely misses you.
The queen bee calls on the killer bee to defend it!
The killer bee goes berserk!
The queen bee calls on the killer bee to defend it!
The killer bee goes berserk!
You slash the killer bee! Your headbutt misses the killer bee.
The killer bee is almost dead.
You feel sick. The killer bee stings you.
The killer bee stings you but does no damage.
The killer bee closely misses you. You furiously retaliate!
You headbutt the killer bee. You block the killer bee's attack. x2
Unknown command.
You barely miss the killer bee.
The killer bee is almost dead.
You feel sick.
The killer bee stings you but does no damage.
The killer bee barely misses you. You furiously retaliate!
You headbutt the killer bee.
The killer bee rages.
You block the killer bee's attack. The killer bee stings you.
The killer bee completely misses you.
You closely miss the killer bee.
The killer bee is almost dead.
You feel sick. The killer bee barely misses you. The killer bee stings you!
The killer bee rages.
The killer bee barely misses you. The killer bee stings you.
* * * LOW HITPOINT WARNING * * *
You are more poisoned.
The killer bee poisons you!
The killer bee stings you but does no damage.
You slash the killer bee!
You kill the killer bee!
You feel sick. The killer bee barely misses you. x2
The killer bee stings you!
You die...

##################
#<..P#.....#.....#
#PP..'.....'.#...+
#PPPP#.÷...#.#...#
###############'##
♣yy@.....+...#
#.....y♣.....#$P$#
#.....♣..♣..######
##+####+#####


You could see a queen bee and 2 killer bees.

Vanquished Creatures
  A scorpion (D)
  2 killer bees (D)
  An oklob sapling (D)
  A river rat (D)
  A rat (D)
6 creatures vanquished.

Notes
Turn   | Place    | Note
-------+----------+-------------------------------------------
     0 | D        | thedisplayname the Minotaur Fighter began the quest for the
                  | Orb.
     0 | D        | Reached XP level 1. HP: 19/19 MP: 0/0
    11 | D        | Reached skill level 3 in Long Blades
    11 | D        | Reached XP level 2. HP: 27/27 MP: 1/1
    14 | D        | Reached skill level 4 in Long Blades
    23 | D        | Noticed an oklob sapling
    27 | D        | Killed an oklob sapling
    28 | D        | Reached skill level 5 in Fighting
    28 | D        | Reached skill level 5 in Long Blades
    28 | D        | Reached XP level 3. HP: 20/36 MP: 2/2
    86 | D        | Noticed a scorpion
    86 | D        | Found the amulet of invisibility {+Inv}
    92 | D        | Killed a scorpion
    93 | D        | Reached skill level 7 in Long Blades
    93 | D        | Reached skill level 5 in Armour
    93 | D        | Reached skill level 5 in Shields
    93 | D        | Reached XP level 4. HP: 4/44 MP: 3/3
   558 | D        | Noticed a queen bee
   565 | D        | Reached XP level 5. HP: 28/51 MP: 1/4
   574 | D        | Slain by a killer bee

Illustrated notes

Levels and vault maps discovered:
D:        dungeon_sprint_fedhas [sprint_temple]

Skill      XL: |  1  2  3  4 |
---------------+-------------+-----
Fighting       | 4 5 6 |  6.4
Long Blades    | 3 5 7 |  7.9
Armour         | 4 5 6 |  6.4
Shields        | 4 5 6 |  6.4

Action                   |  1- 3 |  4- 6 || total
-------------------------+-------+-------++-------
Melee: Long sword        |    14 |    13 ||    27
       Headbutt          |     1 |       ||     1
 Abil: Evoke Invisibilit |       |     2 ||     2
  Use: Potion            |     2 |     2 ||     4
 Stab: Invisible         |       |     1 ||     1
Armor: Scale mail        |     7 |     8 ||    15
Dodge: Dodged            |     8 |    19 ||    27
Block: Buckler           |       |     8 ||     8

Table legend: (Time is in decaauts)
 A = Elapsed time spent in this place.
 B = Non-inter-level travel time spent in this place.
 C = Inter-level travel time spent in this place.
 D = Time resting spent in this place.
 E = Time spent auto-exploring this place.
 F = Levels seen in this place.
 G = Mean time per level.
                   A        B        C        D        E       F      G
               +--------+--------+--------+--------+--------+-----+--------+
         Total |    591 |    591 |      0 |    492 |      0 |   1 |  591.0 |
       Dungeon |    591 |    591 |      0 |    492 |      0 |   1 |  591.0 |
               +--------+--------+--------+--------+--------+-----+--------+

Top non-repeatable levels by time:
       D: 591 daAuts
